 Dungeon Crawl Stone Soup version 0.20.1-1-g8b1a95d (webtiles) character file.

46 vatarom the Ducker (level 3, -4/17 HPs)
             Began as a Felid Berserker on Sept 19, 2017.
             Was a Believer of Trog.
             Slain by a gnoll
             ... wielding a +0 halberd
              (6 damage)
             ... on level 2 of the Dungeon.
             The game lasted 00:05:09 (1684 turns).

vatarom the Ducker (Felid Berserker)                Turns: 1684, Time: 00:05:10

Health: -4/17      AC:  1    Str: 13    XL:     3   Next: 46%
Magic:  4/4        EV: 19    Int:  8    God:    Trog [**....]
Gold:   89         SH:  0    Dex: 16    Spells: 2/2 levels left
                                        Lives:  0   Deaths: 0

rFire    . . .     SeeInvis +     - Unarmed
rCold    . . .     Gourm    .   (shield unavailable)
rNeg     . . .     Faith    .   (armour unavailable)
rPois    .         Spirit   .   (helmet unavailable)
rElec    .         Reflect  .   (cloak unavailable)
rCorr    .         Harm     .   (gloves unavailable)
MR       .....                  (boots unavailable)
Stlth    ++........             (no amulet)
Regen    0.1/turn               (no ring)
MPRegen  0.1/turn               (no ring)

@: berserk cooldown, slowed, slow
A: no armour, no weapons or thrown items, stealth, claws 1, fangs 3, see
invisible, carnivore 3, speed 1, shaggy fur 1, slow metabolism 1, sharp paws
a: Berserk, Trog's Hand, Burn Spellbooks, Renounce Religion


You were on level 2 of the Dungeon.
You worshipped Trog.
Trog was pleased with you.
You were very full.

You visited 1 branch of the dungeon, and saw 2 of its levels.

You collected 89 gold pieces.

Inventory:

Scrolls
 e - 3 scrolls of teleportation
 f - a scroll of identify
Potions
 c - a potion of flight {unknown}
 d - 2 potions of curing {unknown}
Comestibles
 a - 2 meat rations
 b - 4 chunks of flesh


   Skills:
 + Level 3.6 Fighting
 + Level 4.2 Dodging
 + Level 2.0 Stealth
 * Level 3.4 Unarmed Combat


You had 2 spell levels left.
You didn't know any spells.

Dungeon Overview and Level Annotations

Branches:
Dungeon (2/15)

Altars:


Innate Abilities, Weirdness & Mutations

You cannot wear armour.
You are incapable of wielding weapons or throwing items.
Your paws allow you to move quietly. (Stealth)
You have sharp claws.
You have razor-sharp teeth.
You have supernaturally acute eyesight. (SInv)
You are carnivorous and can eat meat at any time.
You cover ground quickly.
You are covered in fur. (AC +1)
You have a slow metabolism.
Your sharp claws are effective at attacking unaware monsters.


Message History

The gnoll is severely wounded.
The gnoll hits you from afar with a halberd.
You claw the gnoll!
You kill the gnoll!
Trog accepts your kill.
Your Stealth skill increases to level 2!
You feel a strong urge to attack something.
Things that are here:
a club; a goblin skeleton You are no longer berserk.
You are exhausted.
You feel yourself slow down.
Unknown command.
The gnoll misses you.
The gnoll hits you from afar with a halberd!
* * * LOW HITPOINT WARNING * * *
The gnoll misses you.
Okay, then.
The gnoll hits you from afar with a halberd.
You die...

#...####.####.#.# ####'# #...
#.# #.#.# #..g(. # #... #.#
#...# #.....
#..#...####.#####..####.....
#..#............g....g'g....
#..#.................##.....
###..#.##...#.######.####.....
...........'.# #.## #.....
#..#.##...#@######..# ###..#
##..#.....)...g......# #...
#..........#.#######.# #...
#...######.#.#######.#####...
#......g.....#...g...#.......
#.#........###.#####...###.#.
#.####(..###...............#.
#.# #...# #.#.######..###.#.
#.# #...# #.#g# ##.######


You could see a gnoll.

Vanquished Creatures
  A gnoll (D:2)
  2 dart slugs (D:1)
  10 goblins
  5 hobgoblins
  A quokka (D:2)
  2 bats (D:1)
  3 frilled lizards
  5 kobolds (D:1)
  3 rats
32 creatures vanquished.

Notes
Turn   | Place    | Note
-------+----------+-------------------------------------------
     0 | D:1      | vatarom the Felid Berserker began the quest for the Orb.
     0 | D:1      | Reached XP level 1. HP: 10/10 MP: 2/2
   583 | D:1      | Reached XP level 2. HP: 11/14 MP: 3/3
   689 | D:1      | Reached skill level 1 in Stealth
  1266 | D:2      | Reached XP level 3. HP: 17/17 MP: 4/4
  1433 | D:2      | Reached ** piety under Trog
  1684 | D:2      | Slain by a gnoll

Skill      XL: |  1  2  3 |
---------------+----------+-----
Stealth        | 1 2 |  2.0
Fighting       | |  3.6
Dodging        | |  4.2
Unarmed Combat | |  3.4

Action                   || total
-------------------------++-------
Melee: Unarmed           ||    83
       Bite              ||     6
       Punch             ||     4
Invok: Berserk           ||     9
  Use: Scroll            ||     4
 Stab: Sleeping          ||     2
  Eat: Chunk             ||    16
Armor: Skin              ||     4
Dodge: Dodged            ||    67
